 Dungeon Crawl Stone Soup version 0.22.0 (webtiles) character file.

1071 Blackhawk the Shield-Bearer (level 8, -5/67 HPs)
             Began as a Gnoll Fighter on Oct 21, 2018.
             Was a Believer of Trog.
             Slain by an orc warrior
             ... wielding a +1 flail of protection
              (18 damage)
             ... on level 5 of the Dungeon.
             The game lasted 00:10:59 (5008 turns).

Blackhawk the Shield-Bearer (Gnoll Fighter)         Turns: 5008, Time: 00:10:59

Health: -5/67      AC: 11    Str: 20    XL:     8   Next: 28%
Magic:  12/12      EV: 10    Int: 11    God:    Trog [**....]
Gold:   394        SH: 11    Dex: 15    Spells: 13/13 levels left

rFire    . . .     SeeInvis .   a - +0 war axe
rCold    . . .     Gourm    .   c - +0 shield
rNeg     . . .     Faith    .   b - +0 scale mail
rPois    .         Spirit   .   h - +0 helmet
rElec    .         Reflect  .   (no cloak)
rCorr    .         Harm     .   j - +1 pair of gloves
MR       .....                  (no boots)
Stlth    +.........             (no amulet)
HPRegen  0.21/turn              (no ring)
MPRegen  0.13/turn              (no ring)

@: no status effects
A: distributed training, fangs 1, strong nose
a: Berserk, Trog's Hand, Renounce Religion


You were on level 5 of the Dungeon.
You worshipped Trog.
Trog was pleased with you.
You were not hungry.

You visited 1 branch of the dungeon, and saw 6 of its levels.
You also visited: Ossuary.

You collected 394 gold pieces.

Inventory:

Hand Weapons
 a - a +0 war axe (weapon)
 g - a +0 halberd of protection
 u - a +0 hunting sling
 w - a +3 hand crossbow
Missiles
 e - 228 stones (quivered)
Armour
 b - a +0 scale mail (worn)
 c - a +0 shield (worn)
 h - a +0 helmet (worn)
 j - a +1 pair of gloves (worn)
 D - a +0 pair of gloves
Jewellery
 B - an uncursed ring of protection from cold {unknown}
 C - an uncursed amulet of harm {unknown}
 E - an uncursed ring of wizardry {unknown}
Wands
 F - a wand of random effects (32)
Scrolls
 i - 2 scrolls of fog {unknown}
 k - a scroll of remove curse {unknown}
 n - 3 scrolls of amnesia {unknown}
 o - 5 scrolls of teleportation {unknown}
 p - 4 scrolls of identify {unknown}
 r - 2 scrolls of enchant weapon {unknown}
 s - a scroll of enchant armour {unknown}
 y - a scroll of random uselessness {unknown}
Potions
 d - 2 potions of might
 l - 2 potions of heal wounds {unknown}
 m - 5 potions of curing {unknown}
 q - 2 potions of degeneration {unknown}
 t - a potion of brilliance {unknown}
 v - a potion of mutation {unknown}
 x - 2 potions of ambrosia {unknown}
 z - a potion of haste
 A - 2 potions of flight {unknown}
Comestibles
 f - 11 rations
 G - 2 chunks of flesh


   Skills:
 + Level 7.3 Fighting
 + Level 3.1 Short Blades
 + Level 3.1 Long Blades
 + Level 5.5 Axes
 + Level 3.1 Maces & Flails
 + Level 3.1 Polearms
 + Level 3.1 Staves
 + Level 3.1 Slings
 + Level 3.1 Bows
 + Level 3.1 Crossbows
 + Level 3.1 Throwing
 + Level 7.3 Armour
 + Level 3.1 Dodging
 + Level 3.1 Stealth
 + Level 7.3 Shields
 + Level 3.1 Unarmed Combat
 + Level 3.1 Spellcasting
 + Level 2.5 Conjurations
 + Level 2.5 Hexes
 + Level 2.5 Charms
 + Level 2.5 Summonings
 + Level 2.5 Necromancy
 + Level 2.5 Translocations
 + Level 2.5 Transmutations
 + Level 2.5 Fire Magic
 + Level 2.5 Ice Magic
 + Level 2.5 Air Magic
 + Level 2.5 Earth Magic
 + Level 2.5 Poison Magic
 + Level 3.4 Invocations
 + Level 3.1 Evocations


You had 13 spell levels left.
You didn't know any spells.
Your spell library contained the following spells:

 Spells                   Type           Power        Failure   Level  Hunger
 Animate Dead             Necr           N/A          99%         4    #####..
 Pain                     Necr           #...         54%         1    #......
 Animate Skeleton         Necr           N/A          54%         1    #......
 Vampiric Draining        Necr           #.........   88%         3    ###....
 Regeneration             Chrm/Necr      #.........   88%         3    ###....


Dungeon Overview and Level Annotations

Branches:
Dungeon (6/15)
 Temple: D:4-7

Altars:
Ashenzari
Cheibriados
Makhleb
Qazlal
Trog


Innate Abilities, Weirdness & Mutations

Your experience applies equally to all skills.
You have very sharp teeth.
Your uncanny sense of smell can sniff out nearby items.


Message History

The orc warrior is moderately wounded.
You block the orc warrior's attack.
You hit the orc warrior.
The orc warrior is heavily wounded.
The orc warrior hits you with a flail of protection!
You barely miss the orc warrior.
You bite the orc warrior, but do no damage.
The orc warrior is heavily wounded.
The orc warrior hits you with a flail of protection!
* * * LOW HITPOINT WARNING * * *
You closely miss the orc warrior.
The orc warrior is heavily wounded.
The orc warrior closely misses you.
You hit the orc warrior.
The orc warrior is heavily wounded.
You block the orc warrior's attack.
You hit the orc warrior but do no damage.
The orc warrior is heavily wounded.
The orc warrior hits you with a flail of protection!!
You die...

##...# ##..###....##
##..####..## ####..## #
##........# #....###
#......)..## ##..##..#
#..#.......####..####..
##.#.............## ##.
#.......#........###..
##.........###........
###....@o....####.......
#..##.)...##..# #.......
####..........###..#....
#.......................
######.....####.........
#...### ##........ ##.##
#........ #.# ##........
#.## ##.##......


You could see an orc warrior.

Vanquished Creatures
  A phantom (D:3)
  A centaur (D:5)
  A scorpion (D:4)
  A crimson imp (D:5)
  2 centaur zombies (Ossuary)
  2 bullfrog skeletons (D:5)
  A centaur skeleton (D:5)
  2 hounds
  A jelly (D:5)
  An orc priest (D:4)
  5 orc wizards (D:4)
  An iguana (D:5)
  2 worker ants (D:5)
  2 big kobold zombies (Ossuary)
  A hound zombie (D:5)
  A hound skeleton (D:5)
  5 mummies (Ossuary)
  4 gnolls
  3 adders
  An adder skeleton (D:4)
  4 worms
  A dart slug (D:1)
  4 leopard geckos
  27 orcs
  6 giant cockroaches
  6 goblins
  9 hobgoblins
  7 jackals
  A quokka (D:3)
  4 bats
  8 frilled lizards
  4 hobgoblin zombies (Ossuary)
  A jackal skeleton (D:5)
  5 kobolds
  A leopard gecko skeleton (D:4)
  A quokka skeleton (D:5)
  A quokka zombie (D:5)
  10 rats
138 creatures vanquished.

Vanquished Creatures (others)
  A wizard (D:3)
1 creature vanquished.

Grand Total: 139 creatures vanquished

Notes
Turn   | Place    | Note
-------+----------+-------------------------------------------
     0 | D:1      | Blackhawk the Gnoll Fighter began the quest for the Orb.
     0 | D:1      | Reached XP level 1. HP: 23/23 MP: 1/1
    51 | D:1      | Reached XP level 2. HP: 26/29 MP: 2/2
   395 | D:1      | Reached XP level 3. HP: 35/35 MP: 3/3
   745 | D:2      | Reached skill level 1 in Invocations
   882 | D:2      | Found a faded altar of an unknown god.
  1022 | D:2      | Reached skill level 1 in Short Blades
  1022 | D:2      | Reached skill level 1 in Long Blades
  1022 | D:2      | Reached skill level 1 in Maces & Flails
  1022 | D:2      | Reached skill level 1 in Polearms
  1022 | D:2      | Reached skill level 1 in Staves
  1022 | D:2      | Reached skill level 1 in Slings
  1022 | D:2      | Reached skill level 1 in Bows
  1022 | D:2      | Reached skill level 1 in Crossbows
  1022 | D:2      | Reached skill level 1 in Throwing
  1022 | D:2      | Reached skill level 1 in Dodging
  1022 | D:2      | Reached skill level 1 in Stealth
  1022 | D:2      | Reached skill level 1 in Unarmed Combat
  1022 | D:2      | Reached skill level 1 in Spellcasting
  1022 | D:2      | Reached skill level 1 in Evocations
  1028 | D:2      | Reached XP level 4. HP: 39/41 MP: 5/5
  1173 | D:2      | Found a shattered altar of Ashenzari.
  1383 | D:3      | Noticed a phantom
  1412 | D:3      | Killed a phantom
  1412 | D:3      | Reached skill level 1 in Conjurations
  1412 | D:3      | Reached skill level 1 in Hexes
  1412 | D:3      | Reached skill level 1 in Charms
  1412 | D:3      | Reached skill level 1 in Summonings
  1412 | D:3      | Reached skill level 1 in Necromancy
  1412 | D:3      | Reached skill level 1 in Translocations
  1412 | D:3      | Reached skill level 1 in Transmutations
  1412 | D:3      | Reached skill level 1 in Fire Magic
  1412 | D:3      | Reached skill level 1 in Ice Magic
  1412 | D:3      | Reached skill level 1 in Air Magic
  1412 | D:3      | Reached skill level 1 in Earth Magic
  1412 | D:3      | Reached skill level 1 in Poison Magic
  1412 | D:3      | Reached XP level 5. HP: 27/47 MP: 5/7
  1911 | D:3      | Found a snail-covered altar of Cheibriados.
  2382 | D:3      | Found a bloodstained altar of Trog.
  2384 | D:3      | Noticed a wizard
  2389 | D:3      | Became a worshipper of Trog the Wrathful
  2390 | D:3      | Killed a wizard
  2490 | D:4      | Found a stormy altar of Qazlal.
  2495 | D:4      | Found a sand-covered staircase.
  2501 | Ossuary  | Entered an ossuary
  2519 | Ossuary  | Reached XP level 6. HP: 24/53 MP: 8/8
  2916 | Ossuary  | Reached skill level 5 in Axes
  3192 | D:4      | Reached * piety under Trog
  3229 | D:4      | Reached XP level 7. HP: 56/59 MP: 10/10
  3811 | D:5      | Entered Level 5 of the Dungeon
  3998 | D:5      | Reached ** piety under Trog
  4193 | D:5      | Found a burning altar of Makhleb.
  4194 | D:5      | Reached XP level 8. HP: 67/67 MP: 12/12
  5008 | D:5      | Slain by an orc warrior

Skill      XL: |  1  2  3  4  5  6  7  8 |
---------------+-------------------------+-----
Invocations    | 1 2 3 |  3.4
Short Blades   | 1 2 3 |  3.1
Long Blades    | 1 2 3 |  3.1
Maces & Flails | 1 2 3 |  3.1
Polearms       | 1 2 3 |  3.1
Staves         | 1 2 3 |  3.1
Slings         | 1 2 3 |  3.1
Bows           | 1 2 3 |  3.1
Crossbows      | 1 2 3 |  3.1
Throwing       | 1 2 3 |  3.1
Dodging        | 1 2 3 |  3.1
Stealth        | 1 2 3 |  3.1
Unarmed Combat | 1 2 3 |  3.1
Spellcasting   | 1 2 3 |  3.1
Evocations     | 1 2 3 |  3.1
Conjurations   | 1 2 |  2.5
Hexes          | 1 2 |  2.5
Charms         | 1 2 |  2.5
Summonings     | 1 2 |  2.5
Necromancy     | 1 2 |  2.5
Translocations | 1 2 |  2.5
Transmutations | 1 2 |  2.5
Fire Magic     | 1 2 |  2.5
Ice Magic      | 1 2 |  2.5
Air Magic      | 1 2 |  2.5
Earth Magic    | 1 2 |  2.5
Poison Magic   | 1 2 |  2.5
Axes           | 5 |  5.5
Fighting       | 7 |  7.3
Armour         | 7 |  7.3
Shields        | 7 |  7.3

Action                   |  1- 3 |  4- 6 |  7- 9 || total
-------------------------+-------+-------+-------++-------
Melee: War axe           |   109 |    94 |   178 ||   381
       Bite              |    10 |    31 |    23 ||    64
       Halberd           |       |   123 |     4 ||   127
  Eat: Chunk             |     1 |     4 |     6 ||    11
       Ration            |       |     1 |       ||     1
Armor: Scale mail        |    42 |    94 |    72 ||   208
Dodge: Dodged            |    39 |   117 |    69 ||   225
Block: Shield            |    53 |    58 |   103 ||   214
